 Dungeon Crawl Stone Soup version 0.27-a0-965-gbf8bb431c4 (webtiles) character file.

Game seed: 6815199957905274994

37 spiderkeys the Stinger (level 3, 0/22 HPs)
             Began as an Octopode Venom Mage on Apr 12, 2021.
             Slain by a kobold brigand
             ... wielding a +0 whip
              (10 damage)
             ... on level 2 of the Dungeon.
             The game lasted 00:02:10 (1827 turns).

spiderkeys the Stinger (Octopode Venom Mage)        Turns: 1827, Time: 00:02:10

Health: 0/22       AC:  1    Str:  7    XL:     3   Next: 41%
Magic:  3/6        EV: 14    Int: 18    God:
Gold:   75         SH:  0    Dex: 18    Spells: 5/6 levels left

rFire    . . .     SeeInvis .   (no weapon)
rCold    . . .     Faith    .   (no shield)
rNeg     . . .     Spirit   .   (helmet restricted)
rPois    .         Reflect  .   (no amulet)
rElec    .         Harm     .   c - +6 ring of dexterity
rCorr    .         Rampage  .   (no ring)
Will     .....                  (no ring)
Stlth    +++.......             (no ring)
HPRegen  0.07/turn              (no ring)
MPRegen  0.10/turn              (no ring)
                                (no ring)
                                (no ring)

@: lethally poisoned (0 -> -4), very slightly contaminated
A: almost no armour, amphibious, 8 rings, camouflage 1, gelatinous body 1,
(nimble swimmer 1), tentacles
a: no special abilities


You were on level 2 of the Dungeon.
You visited 1 branch of the dungeon, and saw 2 of its levels.

You collected 75 gold pieces.

Inventory:

Missiles
 d - 7 atropa-tipped darts
Jewellery
 c - a +6 ring of dexterity (left tentacle)
Scrolls
 a - a scroll of amnesia {unknown}
 b - a scroll of brand weapon {unknown}
Potions
 e - a potion of brilliance {unknown}


   Skills:
 + Level 0.8 Fighting
 + Level 2.4 Dodging
 - Level 2.6 Stealth
 + Level 2.2 Spellcasting
 + Level 1.5 Transmutations
 * Level 4.2 Poison Magic


You had 5 spell levels left.
You knew the following spells:

 Your Spells              Type           Power      Damage    Failure   Level
a - Sting                 Tmut/Pois      48%        1d5       5%          1

Your spell library contained the following spells:

 Spells                   Type           Power      Damage    Failure   Level
 Poisonous Vapours        Pois/Air       18%        N/A       11%         2
 Ignite Poison            Fire/Tmut/Pois 8%         N/A       24%         3
 Mephitic Cloud           Conj/Pois/Air  7%         N/A       30%         3
 Olgreb's Toxic Radiance  Pois           17%        N/A       30%         4


Dungeon Overview and Level Annotations

Branches:
Dungeon (2/15)

Altars:

Shops:
D:1 =

Annotations:
D:2 Sigmund


Innate Abilities, Weirdness & Mutations

You cannot wear most types of armour.
You are amphibious.
You can wear up to eight rings at the same time.
Your skin changes colour to match your surroundings (Stealth+).
Your rubbery body absorbs attacks. (AC +1, EV +1)
((You are camouflaged near water. (Stealth+)))
You have tentacles for arms and can constrict up to eight enemies at once.


Message History

Magic restored.
You start resting.
A kobold brigand comes into view.
It is wielding a +0 whip and quivering poisoned darts.
Casting: Sting (safe; 5% risk of failure)
Confirm with . or Enter, or press ? or * to list all spells.
Aiming: Sting (safe; 5% risk of failure)
Press: ? - help, Shift-Dir - straight line, f - kobold brigand
Aim: a kobold brigand, wielding a +0 whip and quivering poisoned darts (wandering, hasn't noticed you, 36% to evade)
The sting hits the kobold brigand but does no damage.
The kobold brigand is poisoned.
The kobold brigand shouts!
Unknown command.
Casting: Sting (safe; 5% risk of failure)
Confirm with . or Enter, or press ? or * to list all spells.
Aiming: Sting (safe; 5% risk of failure)
Press: ? - help, Shift-Dir - straight line, f/p - kobold brigand
Aim: a kobold brigand, wielding a +0 whip and quivering poisoned darts (poisoned, 36% to evade)
The sting hits the kobold brigand.
The kobold brigand looks even sicker.
The kobold brigand is lightly wounded.
The kobold brigand throws a poisoned dart.
The poisoned dart hits you!
You are poisoned.
Casting: Sting (safe; 5% risk of failure)
Confirm with . or Enter, or press ? or * to list all spells.
Aiming: Sting (safe; 5% risk of failure)
Press: ? - help, Shift-Dir - straight line, f/p - kobold brigand
Aim: a kobold brigand, wielding a +0 whip and quivering poisoned darts (lightly wounded, very poisoned, 36% to evade)
You miscast Sting.
You are very lightly contaminated with residual magic.
Nothing appears to happen.
You feel sick.
You completely miss the kobold brigand. You grab the kobold brigand.
You squeeze the kobold brigand.
The kobold brigand is moderately wounded.
You constrict the kobold brigand, but do no damage.
You feel sick. The kobold brigand barely misses you.
You tentacle-slap the kobold brigand but do no damage.
The kobold brigand is heavily wounded.
You constrict the kobold brigand.
You feel sick.
The kobold brigand hits you with a +0 whip!
You die...

#. ....#.# .# . #
#.# [#.##. ..
g#..# ....
#..#####..# ...
#.......# ##.####
#..<...# #.....
#.....S#####.)##
#......#...รท..@#
######.#.###.K:#
#.#.###...#
#.S[......#
......B#.##.##.#
.#####.#.##.##.#
..#.... ..#
........ ###
.##.#####


You could see a kobold brigand (very poisoned).

Vanquished Creatures
  A dart slug (D:1)
  2 ball pythons
  An endoplasm (D:1)
  2 giant cockroaches
  3 goblins
  4 hobgoblins (D:1)
  6 jackals (D:1)
  2 quokkas (D:1)
  2 bats (D:1)
  2 frilled lizards (D:1)
  2 kobolds (D:1)
  3 rats (D:1)
30 creatures vanquished.

Notes
Turn   | Place    | Note
-------+----------+-------------------------------------------
     0 | D:1      | spiderkeys the Octopode Venom Mage began the quest for the
                  | Orb.
     0 | D:1      | Reached XP level 1. HP: 11/11 MP: 3/3
   253 | D:1      | Found a faded altar of an unknown god.
   341 | D:1      | Reached XP level 2. HP: 14/17 MP: 1/5
   407 | D:1      | Found Itonei's Jewellery Shop.
   532 | D:1      | Reached skill level 4 in Poison Magic
   841 | D:1      | Reached XP level 3. HP: 22/22 MP: 0/6
  1595 | D:2      | Noticed Sigmund
  1822 | D:2      | Noticed a kobold brigand
  1827 | D:2      | Slain by a kobold brigand

Illustrated notes

Levels and vault maps discovered:
D:1:      dpeg_arrival_short_road, layout_basic, serial_shops, shop,
          hellmonk_ecumenical_altar_lost_god, minmay_split_cup_small
D:2:      layout_loops_cross, serial_shops, shop, chequers_garden,
          kennysheep_minor_cross, minmay_circle_x, uniq_sigmund, uniq_natasha

Skill      XL: |  1  2 |
---------------+-------+-----
Poison Magic   | 4 |  4.2
Fighting       | |  0.8
Dodging        | |  2.4
Stealth        | |  2.6
Spellcasting   | |  2.2
Transmutations | |  1.5

Action                   || total
-------------------------++-------
Melee: Unarmed           ||    26
       Tentacles         ||     9
       Constrict         ||     9
 Cast: Sting             ||    46
 Stab: Sleeping          ||     1
Armor: Skin              ||     2
Dodge: Dodged            ||    36

Table legend: (Time is in decaauts)
 A = Elapsed time spent in this place.
 B = Non-inter-level travel time spent in this place.
 C = Inter-level travel time spent in this place.
 D = Time resting spent in this place.
 E = Time spent auto-exploring this place.
 F = Levels seen in this place.
 G = Mean time per level.
                   A        B        C        D        E       F      G
               +--------+--------+--------+--------+--------+-----+--------+
         Total |   1826 |   1826 |      0 |    207 |   1354 |   2 |  913.0 |
       Dungeon |   1826 |   1826 |      0 |    207 |   1354 |   2 |  913.0 |
               +--------+--------+--------+--------+--------+-----+--------+

Top non-repeatable levels by time:
     D:1: 1594 daAuts
     D:2: 231 daAuts
